[Event "Polish Youth B18 Championship 2023"]
[Site "Jastrzebia Gora"]
[Date "2023.03.16"]
[Round "6.17"]
[White "Zeissel, Andrzej"]
[Black "Pisarek, Jan"]
[Result "0-1"]
[ECO "B45"]
[WhiteElo "1717"]
[BlackElo "1931"]
[Annotator "TA"]
[PlyCount "132"]
[EventDate "2023.03.11"]
[EventType "swiss"]
[EventCountry "POL"]
[SourceTitle "playchess.com"]
[Source "ChessBase"]
[SourceQuality "1"]
[TimeControl "40/5400+30:1800+30"]

1. e4 c5 2. Nc3 e6 3. Nge2 Nc6 4. d4 cxd4 5. Nxd4 Nf6 6. Nxc6 bxc6 7. e5 Nd5 8. Ne4 Qa5+ 9. c3 Ba6 10. Bxa6 {[%emt 0:00:46] B45: Sicilian Four Knights.} Qxa6 11. b3 Qa5 {[%emt 0:00:46] [#]} 12. Qf3 $146 {[%emt 0:00:35] White is slightly better.} ({Predecessor:} 12. Qd4 Be7 13. O-O f5 14. exf6 Nxf6 15. Nd6+ Bxd6 16. Qxd6 Ne4 17. Qd4 Qxc3 18. Qxc3 Nxc3 {½-½ Dutreeuw,M (2425)-Maljutin,E (2480) Werfen op-A 1992 (7)}) 12... f5 (12... Be7 $1 $11 {keeps the balance.}) 13. exf6 $16 Nxf6 14. Nxf6+ gxf6 {[%emt 0:00:05] [#]} 15. O-O $1 ({Don't play} 15. Qxf6 Rg8 16. O-O Bg7 $11) 15... Qd5 16. Qh3 h5 17. Be3 Qe4 18. Bd4 Be7 19. f4 c5 20. Rae1 Qc6 21. Bf2 f5 22. Bh4 Bxh4 23. Qxh4 Kf7 {[%emt 0:00:23] Repels Qf6+} 24. Re3 (24. Rf2 $14) 24... Rag8 $11 25. Rg3 Rxg3 26. Qxg3 {[%emt 0:05:21][%mdl 4096] Endgame KQR-KQR} Rg8 (26... h4 $5 27. Qd3 Ke7 $11) 27. Qf3 Qxf3 28. Rxf3 {[%emt 0:00:02] KR-KR} h4 29. Kf2 a5 30. Rh3 Rg4 31. g3 hxg3+ 32. hxg3 Rg8 33. Rh7+ Ke8 34. Rh5 Ke7 35. Rh1 {[%emt 0:04:17] Wards off a4} c4 36. Rb1 Rh8 37. Ke3 $1 Rh3 38. Rg1 Rh2 39. Kd4 cxb3 40. axb3 Rb2 41. Ra1 Rg2 42. Rxa5 ({Better is} 42. b4 $1 $11 a4 43. Rxa4) 42... Rxg3 $15 {[%emt 0:00:10] Black is more active.} 43. b4 Rf3 $1 44. b5 {[%emt 0:01:53] Threatens to win with b6.} d6 (44... Rxf4+ $15 45. Kc5 Rf3) 45. Ra7+ $11 Kd8 46. Rh7 Rxf4+ 47. Kd3 d5 48. b6 {[%emt 0:01:04] Intending b7 and mate.} Kc8 49. Re7 Re4 50. Rf7 f4 51. Kd2 e5 (51... Rc4 {simplifies} 52. Rf6 Rc6 53. Rxf4 Rxb6 54. c4 dxc4 55. Rxc4+ Kd8) 52. Kd3 {[%emt 0:00:11] [#]} (52. Rc7+ $11 Kb8 53. Rf7) 52... Rc4 $1 $17 53. Kd2 Rc6 54. Re7 $2 {[%emt 0:01:45][%mdl 8192] This costs White the game.} (54. b7+ $17 Kb8 55. Rf5) 54... e4 $19 ({Weaker is} 54... Rxb6 55. Rxe5 Rb5 56. Rf5 $11) 55. b7+ Kb8 56. Rd7 Rc5 {[%emt 0:02:21] And now ...Ra5 would win.} 57. Rf7 f3 58. Rd7 Ka7 {[%emt 0:02:48] ...Rb5 would be deadly.} 59. Rf7 Rc6 60. Rd7 Rf6 {[%emt 0:00:59] Black mates.} 61. Ke1 f2+ 62. Kf1 e3 63. Re7 Rf3 64. Re5 Kxb7 65. Re6 Kc7 66. Re8 Kd6 {[%emt 0:01:14] Weighted Error Value: White=0.49/Black=0.18 (very precise)} 0-1

[Event "Polish Youth B18 Championship 2023"]
[Site "Jastrzebia Gora"]
[Date "2023.03.16"]
[Round "6.18"]
[White "Karut, Kacper"]
[Black "Pieczulis, Blazej"]
[Result "1/2-1/2"]
[ECO "B12"]
[WhiteElo "1904"]
[BlackElo "1784"]
[Annotator "TA"]
[PlyCount "129"]
[EventDate "2023.03.11"]
[EventType "swiss"]
[EventCountry "POL"]
[SourceTitle "playchess.com"]
[Source "ChessBase"]
[SourceQuality "1"]
[TimeControl "40/5400+30:1800+30"]

1. e4 c6 2. d4 d5 3. f3 e6 4. Nc3 Bb4 5. Bd2 Nf6 6. Bd3 {[%emt 0:10:15] [#] B12: Caro-Kann: Advance Variation.} (6. e5 $5 Nfd7 7. f4 $11) 6... b6 $146 ({Predecessor:} 6... O-O 7. Nge2 c5 8. dxc5 Bxc5 9. exd5 Nxd5 10. a3 Nc6 11. Be4 Nxc3 12. Nxc3 Ne5 {1-0 Gomes,L-Gravina,C (1800) Hebraica op 29th 2022 (4)}) 7. e5 Nfd7 8. f4 {[%emt 0:03:26] White is slightly better.} Ba6 9. Qe2 Bxd3 10. Qxd3 Bxc3 11. bxc3 c5 12. Ne2 Nc6 13. O-O g6 14. Be1 Qe7 15. Qh3 f5 16. exf6 Nxf6 17. Bh4 O-O 18. Rae1 Rae8 19. g4 Qg7 20. Bg5 {[%emt 0:04:17] Bh6 is the strong threat.} Qd7 21. Bxf6 Rxf6 22. Qe3 c4 23. Ng3 Rf7 (23... Re7 $11) 24. h4 (24. f5 $1 $14) 24... Qe7 (24... Qd8 $5 ) 25. g5 Kg7 (25... h5 $11) 26. h5 $14 Qc7 27. Rf2 (27. f5 $16 gxf5 28. h6+ (28. Nxf5+ exf5 29. h6+ Kg6 $11) 28... Kh8 29. Rxf5 {[%mdl 64] Back Rank}) 27... Ref8 $1 $11 28. Ne2 (28. Qxe6 $2 Re7 29. hxg6 (29. h6+ $2 Kh8 $19) 29... Rxe6 30. Nh5+ Kxg6 31. Rxe6+ Kxh5 $19) (28. Kg2 $14) 28... Qe7 (28... gxh5 29. Qxe6 Kh8 30. Qxd5 $16) (28... Qd6 $11 {remains equal.}) 29. Qh3 (29. Rh2 $1 $16 {Strongly threatening hxg6.} Qe8 30. hxg6 hxg6 31. Kg2 (31. Qh3 Rh8 $11)) 29... Kg8 $14 30. Rh2 {[%emt 0:01:10] Ng3 would be deadly.} gxh5 $2 (30... Rg7 $1 $14) 31. Qxh5 $2 (31. Ng3 $1 $18 ) 31... Rg7 32. Rf1 (32. Qg4 $5 ) 32... Qd6 (32... Rff7 $11) 33. Qg4 ({White should play} 33. f5 $1 $14 exf5 34. Nf4) 33... Ne7 $11 34. Ng3 Nf5 35. Re2 {[%emt 0:00:29] Wards off Ne3} Nxg3 36. Qxg3 h6 37. Re5 (37. g6 Rf6 38. Rg2 Qd8 $17) 37... Rff7 38. Rfe1 ({Reject} 38. g6 Rf6 39. f5 Rd7 $15) 38... hxg5 39. fxg5 Rf5 40. g6 (40. Kg2 $11) 40... Rf6 $17 41. Qh4 $2 (41. Rg5 $17 Qxg3+ 42. Rxg3) 41... Rgxg6+ (41... Rfxg6+ $142 42. Kf2 Rg2+ 43. Ke3 R7g3+ 44. Qxg3+ Rxg3+ 45. Kd2 Qa3) 42. Rg5 $19 Qf8 43. Ree5 Kg7 44. Kh2 Rf2+ 45. Kg1 {[%emt 0:00:46] Threatening mate with Rxg6+.} Rf1+ (45... Rxc2 46. Rxg6+ Kxg6 47. Rxe6+ Kf5 48. Re5+ Kg6 49. Rg5+ (49. Rxd5 Rc1+ 50. Kh2 Rc2+ 51. Kg1 Rc1+ 52. Kh2 Rh1+ {[%mdl 64] Decoy} 53. Kxh1 Qf3+ 54. Kh2 Qxd5 $11) 49... Kf7 50. Rf5+ (50. Rxd5 Rc1+ 51. Kg2 Rc2+ 52. Kh1 Rc1+ 53. Kh2 Rc2+ 54. Kh1 Rc1+ 55. Kh2 Rc2+ 56. Kh1 $11) 50... Kg8 51. Rxf8+) 46. Kh2 {[%emt 0:00:31] Black must now prevent Rxg6+.} Qf2+ 47. Qxf2 Rxf2+ {[%emt 0:00:03][%mdl 4096] Endgame KRR-KRR} 48. Kg3 Rff6 (48... Rxc2 $2 {too greedy.} 49. Rxg6+ Kxg6 50. Rxe6+ Kf5 51. Re5+ Kf6 52. Rxd5 $19) (48... Rxg5+ $142 49. Rxg5+ Kf6 50. Rxd5 Rxc2) 49. Rxg6+ Kxg6 {[%emt 0:00:01] KR-KR} 50. Kg4 $2 (50. Re1) 50... Kf7 {[%emt 0:00:08] Threatens to win with ...Rf2.} 51. Rh5 Ke7 (51... Rf2 $142 52. Rh7+ Kf6) 52. Rh8 $2 (52. Rh1) 52... Rf2 53. Rh7+ Rf7 $2 (53... Kd6 54. Rxa7 Rxc2) 54. Rh8 $2 (54. Rh1) 54... Kd6 {[%emt 0:01:42] aiming for ...Rf2.} 55. Rd8+ Rd7 (55... Kc7 $142 56. Ra8 Kb7) 56. Re8 (56. Rh8 {nothing else works.}) 56... Re7 $2 (56... Rh7 57. Rd8+ Ke7) 57. Rd8+ (57. Rh8 $142) 57... Kc7 58. Ra8 Kd6 59. Rd8+ {[%emt 0:00:11] [#]} Rd7 $2 (59... Kc6 $1 60. Rc8+ Kb7) 60. Re8 Rf7 ({Better is} 60... Rh7 $19 61. Rd8+ Ke7) 61. Kg3 $2 (61. Rd8+ $11 {and White has nothing to worry.} Ke7 62. Ra8) 61... b5 (61... Rf1 $142 62. Rd8+ Ke7) 62. Rd8+ $2 (62. Kg2 {is a better chance.}) 62... Kc6 (62... Kc7 $142 63. Re8 Rf6 64. Re7+ Kb6) 63. Re8 {[%emt 0:00:12] [#]} (63. Kg2) 63... Rf6 $1 64. Kg4 Kd6 65. Rd8+ {[%emt 0:00:10][%mdl 32768] Weighted Error Value: White=0.70/Black=0.61. An unexpected result.} 1/2-1/2

[Event "Polish Youth B18 Championship 2023"]
[Site "Jastrzebia Gora"]
[Date "2023.03.16"]
[Round "6.19"]
[White "Jedraszek, Pawel"]
[Black "Malik, Maciej"]
[Result "1-0"]
[ECO "B48"]
[WhiteElo "1944"]
[BlackElo "2163"]
[Annotator "TA"]
[PlyCount "120"]
[EventDate "2023.03.11"]
[EventType "swiss"]
[EventCountry "POL"]
[SourceTitle "playchess.com"]
[Source "ChessBase"]
[SourceQuality "1"]
[TimeControl "40/5400+30:1800+30"]

1. e4 c5 2. Nf3 Nc6 3. d4 cxd4 4. Nxd4 e6 5. Nc3 Qc7 6. Be3 a6 7. g4 $1 {[%emt 0:01:04][%mdl 4] 7.g4 is a critical line. B48: Sicilian: Taimanov: 5 Nc3 Qc7 6 Be3 a6 without Be2.} Bb4 8. Nxc6 bxc6 (8... Bxc3+ $11 9. bxc3 bxc6) 9. Qd4 $16 {[%emt 0:02:48][%csl LRb4,LRg7] [#] White is better.} Bxc3+ $146 (9... Be7 $14) ({Predecessor:} 9... Bf8 10. O-O-O Nf6 11. f3 e5 12. Qb6 Qxb6 13. Bxb6 d6 14. Bc7 Kd7 15. Ba5 Ke8 16. Bc7 Kd7 17. Ba5 Ke8 18. Bc7 {½-½ Lu,M (2399)-Damljanovic,B (2420) Belgrade Radnicki GM 01 2023 (7)}) 10. Qxc3 Ne7 {[%emt 0:04:57] Black is weak on the dark squares} (10... f6 $16 {is a better defense.} 11. g5 Qe5) 11. O-O-O (11. Qxg7 $18 Rg8 12. Qxh7) 11... f6 (11... O-O $16) 12. f4 O-O 13. Bg2 {[%emt 0:07:41] White is much more active.} d5 14. Rhg1 Rd8 (14... Rf7 $16) 15. Qc5 (15. g5 $18 f5 16. g6) 15... Rb8 16. a4 {[%emt 0:00:51] Prevents Rb5} Rb7 (16... e5 $2 17. exd5 Qb7 18. b3 (18. dxc6 $2 Qxb2#) 18... Nxd5 19. fxe5 $18) 17. Rd2 Ng6 18. Rf1 Nf8 19. h4 Qe7 20. Qa5 Rbd7 (20... Re8 $16 {was worth a try.} 21. Bc5 (21. Qxa6 $2 Rxb2 22. Qd3 Ra2 $19) 21... Qc7 22. Qxc7 (22. Qxa6 Nd7 $17) 22... Rxc7) 21. Bb6 Re8 22. Bc5 Qd8 23. Bb6 {[%emt 0:02:18] A strong pair of Bishops.} Qe7 24. g5 f5 25. e5 Rb7 26. Bc5 $36 {[%emt 0:00:44][%mdl 2048] Black is under strong pressure.} (26. Qxa6 $6 Nd7 27. Be3 Rxb2 28. Qxc6 Ra2 $11) 26... Qd8 {[%emt 0:01:36] [#]} 27. Qb6 Qc7 $4 (27... Rxb6 $19 {and all is fine.} 28. Bxb6 Qxb6) 28. Qxc7 $18 ({Inferior is} 28. Qxa6 Rxb2 29. Qd3 Qb8 $15) 28... Rd8 $2 {[%emt 0:00:32] [#]} (28... Rxc7 $18 29. Bd6 Ra7) 29. Rf3 $2 Nd7 $2 (29... Rxc7 $18 30. Bb6 Rdd7 31. Bxc7 Rxc7) 30. Be7 (30. Qxd8+ $142 Kf7 31. Qe7+ Kg8 32. Qe8+ Nf8 33. Qxf8#) 30... Re8 31. Bd6 c5 32. b3 Rb4 33. Kb2 Bb7 34. Rff2 (34. Qxd7 $142 Rc8 35. Bxc5 a5 36. Bxb4 axb4 37. Qxb7 Rf8 38. Qe7 h6 39. gxh6) 34... d4 35. Bf1 (35. Qxd7 $142 Ra8 36. Bxb7 Rxb7 37. Qxb7 Re8 38. Qd7 Ra8 39. Bxc5 d3 40. Rxd3) 35... Ra8 36. Ka3 Bd5 37. Bxc5 Nxc5 38. Kxb4 Ne4 {[%emt 0:00:01] [#]} 39. Bg2 $1 {[%emt 0:00:40] Bxe4 would kill now.} Rb8+ (39... Kh8 40. Bxe4) 40. Ka5 d3 41. cxd3 Nxd2 42. Bxd5 Nxb3+ 43. Bxb3 Rxb3 44. Kxa6 Rxd3 45. Kb5 Rb3+ 46. Kc4 Ra3 47. Kb4 Ra1 48. a5 h5 49. Rd2 Rb1+ 50. Kc5 Rc1+ 51. Kb5 Rb1+ 52. Kc6 Rc1+ 53. Kb6 Rb1+ 54. Ka7 Rb4 55. a6 Rxf4 56. Rb2 Rc4 57. Kb6 Rc6+ 58. Ka5 Rc1 59. Kb6 Rc6+ $1 60. Kb7 Rxc7+ {[%emt 0:00:00] An exciting game.   Weighted Error Value: White=0.73/Black=0.97} 1-0

[Event "Polish Youth B18 Championship 2023"]
[Site "Jastrzebia Gora"]
[Date "2023.03.16"]
[Round "6.20"]
[White "Kossowski, Pawel"]
[Black "Smuda, Tomasz"]
[Result "1-0"]
[ECO "B00"]
[WhiteElo "1766"]
[BlackElo "1654"]
[Annotator "NA RC COMBH"]
[PlyCount "127"]
[EventDate "2023.03.11"]
[EventType "swiss"]
[EventCountry "POL"]
[SourceTitle "playchess.com"]
[Source "ChessBase"]
[SourceQuality "1"]
[TimeControl "40/5400+30:1800+30"]

1. e4 Nc6 2. Nf3 g6 3. d4 d6 4. Nc3 Bg7 5. h3 Nf6 6. Be3 a6 7. a4 b6 8. Qd2 O-O 9. d5 Nb8 10. Bh6 Bb7 11. h4 Bxh6 12. Qxh6 Ng4 13. Qf4 h5 14. Be2 e5 15. Qg3 c6 16. Ng5 Nf6 17. dxc6 Nxc6 18. Bc4 Ne7 19. Qf3 Nc6 20. Ne2 b5 21. Bb3 Na5 22. Ba2 d5 23. Rd1 Nxe4 24. Nxe4 dxe4 25. Bxf7+ Kg7 26. Qg3 Qf6 27. Ba2 Rad8 28. O-O Nc4 29. Bxc4 bxc4 30. Nc3 Rd4 31. Ne2 Rdd8 32. Rfe1 Bc6 33. Nc3 Qf5 34. Qe3 Rxd1 35. Rxd1 Rf7 36. Rd6 Bb7 37. Rd2 Qg4 38. Re2 Rf3 39. Qc5 Rf7 40. Qxe5+ Kh7 41. Nxe4 Bxe4 42. Qxe4 Qc8 43. Qe6 Qc7 44. Qxa6 Qf4 45. Qe6 Rb7 46. c3 Qxh4 47. Qe4 Qxe4 48. Rxe4 Rxb2 49. Rxc4 Ra2 50. Rb4 Kh6 51. f3 Rc2 52. c4 Kg5 53. Kh2 Kh4 54. c5+ Kg5 55. Kh3 Kf5 56. Rb5 Kf4 57. Rb4+ Kf5 58. Kg3 g5 59. Rb5 h4+ 60. Kh2 Rc4 61. a5 Kf4 62. a6 h3 63. Kxh3 Ke3 64. Kg3 1-0

[Event "Polish Youth B18 Championship 2023"]
[Site "Jastrzebia Gora"]
[Date "2023.03.16"]
[Round "6.21"]
[White "Sternik, Piotr"]
[Black "Bem, Tymoteusz"]
[Result "0-1"]
[ECO "D11"]
[WhiteElo "1746"]
[BlackElo "1748"]
[Annotator "NA RC COMBH"]
[PlyCount "120"]
[EventDate "2023.03.11"]
[EventType "swiss"]
[EventCountry "POL"]
[SourceTitle "playchess.com"]
[Source "ChessBase"]
[SourceQuality "1"]
[TimeControl "40/5400+30:1800+30"]

1. d4 d5 2. c4 c6 3. Nf3 Nf6 4. g3 Bf5 5. Bg2 h6 6. O-O e6 7. Nbd2 Nbd7 8. Re1 Bh7 9. a3 Bd6 10. b3 O-O 11. Bb2 Qb8 12. Rc1 Rc8 13. Nb1 b5 14. c5 Bc7 15. Nfd2 e5 16. e4 dxe4 17. Nxe4 Nxe4 18. Bxe4 Bxe4 19. Rxe4 Nf6 20. Re3 Rd8 21. Rd3 e4 22. Re3 Qc8 23. Nd2 Qf5 24. Qe2 Re8 25. Re1 Re6 26. Nf1 Rae8 27. Qc2 Qg4 28. R3e2 h5 29. Ne3 Qh3 30. Nf1 Qg4 31. Ne3 Qf3 32. Ng2 g5 33. Qd2 Nh7 34. Qc3 Qf5 35. Bc1 h4 36. Rf1 Qh3 37. Ne1 Nf6 38. Bxg5 Ng4 39. f4 e3 40. Nf3 hxg3 41. Rg2 e2 42. Re1 Re3 43. Qxe3 Rxe3 44. Rxg3 Qh5 45. h3 Rxf3 46. Rxf3 f6 47. hxg4 Qxg4+ 48. Kf2 fxg5 49. fxg5 Qxd4+ 50. Kxe2 Bf4 51. Kf1 Kg7 52. Re2 Kg6 53. Ref2 Bxg5 54. Rf8 Qd1+ 55. Kg2 Qg4+ 56. Kf1 Qh3+ 57. Ke2 Qxb3 58. Rg2 Qc4+ 59. Ke1 Qc1+ 60. Ke2 Qe3+ 0-1

[Event "Polish Youth B18 Championship 2023"]
[Site "Jastrzebia Gora"]
[Date "2023.03.16"]
[Round "6.22"]
[White "Wesolek, Krzysztof"]
[Black "Czarniecki, Pawel"]
[Result "0-1"]
[ECO "B15"]
[WhiteElo "1765"]
[BlackElo "1625"]
[Annotator "NA RC COMBH"]
[PlyCount "64"]
[EventDate "2023.03.11"]
[EventType "swiss"]
[EventCountry "POL"]
[SourceTitle "playchess.com"]
[Source "ChessBase"]
[SourceQuality "1"]
[TimeControl "40/5400+30:1800+30"]

1. e4 c6 2. d4 d5 3. Nc3 dxe4 4. Nxe4 Nf6 5. Nxf6+ exf6 6. Be2 Bd6 7. Nf3 O-O 8. O-O Re8 9. Re1 Nd7 10. a3 Nf8 11. c4 Be6 12. Bd2 Qd7 13. Qb3 a6 14. Rad1 Rad8 15. Ba5 Bc7 16. Bxc7 Qxc7 17. Rd2 b5 18. Qc3 Bxc4 19. Bxc4 Rxe1+ 20. Nxe1 bxc4 21. Qxc4 Qa5 22. Nf3 g5 23. h3 h5 24. Rd1 Qb6 25. b4 Ne6 26. d5 cxd5 27. Rxd5 Nf4 28. Rxd8+ Qxd8 29. Nd4 Qxd4 30. Qxa6 Qd1+ 31. Kh2 Ne2 32. Qc8+ Kg7 0-1

[Event "Polish Youth B18 Championship 2023"]
[Site "Jastrzebia Gora"]
[Date "2023.03.17"]
[Round "7.1"]
[White "Dzida, Kamil"]
[Black "Ochedzan, Tymon"]
[Result "1-0"]
[ECO "E15"]
[WhiteElo "2333"]
[BlackElo "2240"]
[Annotator "TA"]
[PlyCount "89"]
[EventDate "2023.03.11"]
[EventType "swiss"]
[EventCountry "POL"]
[SourceTitle "playchess.com"]
[Source "ChessBase"]
[SourceQuality "1"]
[TimeControl "40/5400+30:1800+30"]

1. d4 Nf6 2. Nf3 e6 3. c4 b6 4. g3 Bb4+ 5. Bd2 a5 6. Bg2 Bb7 7. O-O O-O 8. Nc3 d6 {[%emt 0:08:51] [#]} 9. d5 $1 {[%emt 0:08:40] E16: Queen's Indian: 4 g3 Bb7 5 Bg2 Bb4+.} e5 (9... Bxc3 10. Bxc3) 10. Ne1 {[%emt 0:00:14] [#]} c6 $146 ({Predecessor:} 10... Nbd7 11. e4 Nc5 12. Qe2 Ba6 13. Nc2 Bxc3 14. Bxc3 Na4 15. Qd3 Re8 16. Ne3 Nxc3 17. Qxc3 {1-0 Kezin,R (2492)-Rodin,D (2359) RUS-ch Rapid 2021 (8)}) 11. dxc6 {[%emt 0:01:01] White is slightly better.} Bxc6 12. Bxc6 Nxc6 13. Nd5 (13. Bg5 $5 ) 13... Nxd5 14. cxd5 Bxd2 15. dxc6 Bb4 16. Qd5 (16. Nd3 $16) 16... Qc7 17. a3 Bc5 18. Nd3 {[%emt 0:01:52] b4 is the strong threat.} a4 $1 19. Nb4 Rac8 {[%emt 0:12:12] Black is weak on the light squares} 20. Rac1 Qa7 21. e3 Qa5 22. Rfd1 {[%emt 0:05:07] White has more active pieces.} Bxb4 23. axb4 Qxb4 24. Qxd6 ({Better is} 24. c7 $16) 24... Qxb2 $11 25. Rb1 (25. c7 {with more complications.} a3 26. Rb1 Qc3 27. Rdc1) 25... Qc3 {[%emt 0:00:47] [#] This move loses the game for Black.} (25... Qc2 $1 $11 {and Black has nothing to worry.}) 26. Rdc1 $1 $18 (26. Rxb6 g6 $11) 26... Qa5 27. c7 {[%emt 0:00:53] Repels Rfd8} a3 {[%emt 0:03:33] [#]} 28. Ra1 $1 (28. Qxb6 Qxb6 29. Rxb6 f6 $11) (28. Rxb6 a2 29. Ra6 a1=Q 30. Rxa1 Qxc7 $11) 28... Ra8 $2 {[%emt 0:00:58] [#]} (28... a2 29. Rc2 e4 30. Raxa2 (30. Rcxa2 Qc5 $16) 30... Qb5) 29. Rxa3 $3 {[%emt 0:00:50][%mdl 576] Deflection, Promotion} Qxa3 30. Qxa3 (30. Qxb6 $2 {perishes.} Qxc1+ 31. Kg2 Rfc8 $19) 30... Rxa3 31. c8=Q ({And not} 31. c8=R Ra7 $15) 31... Ra8 32. Qc7 Rae8 33. Qxb6 Re6 34. Rc6 Ree8 35. e4 h6 36. Qc5 Kh7 37. Rc7 f6 38. Re7 (38. Qc6 $142 Rd8 39. h4 Rd4 40. Kg2 Kh8 41. g4 Rd2 42. Qe6 Rd3 43. g5) 38... Rc8 39. Qa7 Rg8 40. Qd7 (40. Qb6 $142 Kh8 41. Qe6 Rcf8 42. Kg2 Rc8 43. Qg4 Rce8 44. Rc7 Kh7 45. Qf5+ Kh8 46. g4) 40... Rb8 41. Qf5+ Kh8 42. Qg6 Ra8 43. Rf7 (43. g4 $142 Ra1+ 44. Kg2 Re1 45. h4 f5 46. exf5 Re4 47. Kg3 Rd4 48. f6) 43... Ra6 44. Kg2 Rb6 45. g4 {[%emt 0:00:07] Weighted Error Value: White=0.13 (very precise) /Black=0.78} (45. h4 $142 Rd6 46. g4 Rdd8 47. Rxf6 Rde8 48. Rf7 Ref8 49. Rxf8 Rxf8 50. Qh5) 1-0

[Event "Polish Youth B18 Championship 2023"]
[Site "Jastrzebia Gora"]
[Date "2023.03.17"]
[Round "7.2"]
[White "Karolczuk, Iwo"]
[Black "Luczak, Filip"]
[Result "1-0"]
[ECO "E00"]
[WhiteElo "2346"]
[BlackElo "2345"]
[Annotator "TA"]
[PlyCount "78"]
[EventDate "2023.03.11"]
[EventType "swiss"]
[EventCountry "POL"]
[SourceTitle "playchess.com"]
[Source "ChessBase"]
[SourceQuality "1"]
[TimeControl "40/5400+30:1800+30"]

1. d4 e6 2. c4 Bb4+ 3. Bd2 Qe7 4. e4 d5 5. e5 Bxd2+ 6. Qxd2 {[%emt 0:02:30] A40: Unusual replies to 1 d4.} (6. Kxd2 c5 $15) 6... dxc4 7. Bxc4 Bd7 8. Nc3 {[%emt 0:05:09] [#] White is slightly better.} Bc6 $146 ({Predecessor:} 8... Qb4 9. b3 Nc6 10. Nge2 Nh6 11. O-O O-O 12. Rad1 Rad8 13. Bd3 Ne7 14. Qc2 Kh8 {1-0 Caspi,I (2499)-Eliagov,K (2257) ISR-ch op Safed 2021 (7)}) 9. Nge2 Nh6 10. O-O O-O 11. Ng3 {[%emt 0:02:40] White is more active.} Nd7 12. Qf4 Qb4 13. Bb3 Nc5 {[%emt 0:01:41] [#]} (13... a5 $11 {keeps the balance.}) 14. Bc2 $1 $16 f5 (14... Qxb2 $2 15. Qd2 Nf5 16. Rab1 $18 (16. dxc5 Rad8 $18)) (14... Nd7 $14) 15. Rab1 (15. exf6 $142 Nd7 16. Bb3 (16. Qxc7 Nxf6 17. Qe5 Rae8 $16) 16... Nxf6 17. Bxe6+ (17. Qxc7 Rae8 $16) 17... Kh8 18. Qd2 (18. Qxc7 Qxd4 19. Rad1 Qb4 $16)) 15... Rad8 16. Rfd1 Ba4 $2 {[%emt 0:05:55] This move loses the game for Black.} (16... Ne4 $16 {keeps fighting.}) 17. Nxa4 $18 Nxa4 {[%emt 0:00:02] [#]} 18. Nh5 $1 {[%emt 0:01:00][%cal Bg3h5,Bh5f4,Bf4e6,Be6c5][%mdl 32] Black must now prevent Qg5.} Rd7 $2 {[%emt 0:11:20] [#]} (18... Nb6 {was necessary.} 19. Qg5 Rd7 20. Nf6+ Rxf6) 19. d5 $1 {[%emt 0:04:18][%mdl 576] Discovered Attack} Qxf4 20. Nxf4 Nc5 21. b4 {[%emt 0:04:36][%mdl 64] Deflection} (21. Nxe6 Nxe6 22. dxe6 Re7 $18) (21. dxe6 Rxd1+ 22. Rxd1 Re8 $18) 21... Ne4 22. Bxe4 (22. dxe6 Rxd1+ 23. Rxd1 Re8 $18) (22. Nxe6 Nc3 23. Bb3 Nxb1 $18) 22... fxe4 23. Nxe6 ({Don't play} 23. dxe6 Re7 $18) 23... Rf5 24. Nc5 {[%emt 0:00:15][%csl LRb7,LRd7,LRe4] White is clearly winning.} Rd8 25. Nxb7 (25. Nxe4 Rxe5 26. Nc5 b6 $16) 25... Rb8 26. Nc5 Ng4 27. d6 (27. Nxe4 Rxe5 28. Rd4 Rbe8 $18) 27... cxd6 28. exd6 {[%emt 0:00:40][%cal Be5d6,Bd6d7][%mdl 32] Threatens to win with d7.} ({Less strong is} 28. Nxe4 dxe5 29. Rd5 Nf6 30. Nxf6+ gxf6 $18) ({Weaker is} 28. Rxd6 Nxf2 29. e6 Rxc5 $18) 28... e3 29. fxe3 Nxe3 {[%emt 0:00:01] [#]} 30. d7 $1 Nxd1 31. Rxd1 {[%emt 0:00:05][%mdl 4096] Endgame KRR-KRN} Rd8 32. Ne6 Rff8 33. Nxd8 Rxd8 {[%emt 0:00:04] KR-KR} 34. Kf2 Kf7 35. Ke3 Ke6 36. Ke4 h6 37. a4 g6 38. b5 Kf6 39. Rd6+ {[%emt 0:00:33][%mdl 64] Deflection} Ke7 {[%emt 0:00:16] Weighted Error Value: White=0.10 (very precise) /Black=0.44} 1-0